 Dungeon Crawl Stone Soup version 0.21-b1-23-g1fb0a74c36 (webtiles) character file.

3223879 Mukku the Sensei (level 27, 218/218 (220) HPs)
             Began as an Octopode Transmuter on Jan 5, 2018.
             Was the Champion of Ru.
             Escaped with the Orb
             ... and 5 runes on Jan 6, 2018!
             The game lasted 06:52:15 (70829 turns).

Mukku the Sensei (Octopode Transmuter)             Turns: 70829, Time: 06:52:15

HP:   218/218 (220) AC: 10    Str: 19    XL:     27
MP:   45/45         EV: 49    Int: 18    God:    Ru [******]
Gold: 7093          SH:  6    Dex: 33    Spells: 7/53 levels left

rFire    + + +     SeeInvis +     - Unarmed
rCold    + + +     Gourm    .   X - +2 hat {Int+3}
rNeg     + + +     Faith    .   d - +6 amulet of reflection
rPois    +         Spirit   .   W - ring of Leaves {rPois rC+++ rN+ MR- MP+9}
rElec    +         Reflect  +   p - +5 ring of protection
rCorr    .         Harm     .   j - ring "Doskatz" {rElec rN+ Dex+4 Slay+3 Stlth-}
MR       +++++                  c - ring "Weodilaz" {rF+ MR++ Str+8 Int-2 Dex+3}
Stlth    +++.......             Y - ring "Fuomiejut" {rF+ rN+ Dex+2 Slay+3}
HPRegen  0.46/turn              q - ring of Phasing {EV+8}
MPRegen  0.29/turn              w - ring of Weucs {rPois rF+ Dex+4 SInv}

@: no status effects
A: almost no armour, stealthy swim, amphibious, 7 rings, constrict 7, repulsion
field 1, rugged brown scales 1, camouflage 1, clumsy 1, low mp 1, magic
resistance 2, shaggy fur 1, gelatinous body 1, evolution 1, missing a hand,
inability to use devices
0: Orb of Zot
}: 5/15 runes: serpentine, barnacled, slimy, silver, abyssal
a: Draw Out Power, Power Leap, Apocalypse, Renounce Religion


You escaped.
You worshipped Ru.
Ru was exalted by your worship.
You were not hungry.

You visited 12 branches of the dungeon, and saw 58 of its levels.
You visited the Abyss 1 time.
You also visited: Labyrinth and Ossuary.

You collected 10203 gold pieces.
You spent 3110 gold pieces at shops.

Inventory:

Missiles
 f - 1577 arrows
 T - 9 throwing nets (quivered)
Armour
 X - a +2 hat of intelligence (worn)
Jewellery
 a - a +4 ring of evasion
 b - the ring of Ommei {MR+ MP+9 Str+4}
   (You acquired it on level 2 of the Orcish Mines)

   [ring of magical power]

   It affects your strength (+4).
   It affects your resistance to hostile enchantments.
   It affects your magic capacity (+9).
 c - the ring "Weodilaz" (on tentacle) {rF+ MR++ Str+8 Int-2 Dex+3}
   (You bought it in a shop on level 2 of the Orcish Mines)

   [ring of protection from fire]

   It affects your strength (+8).
   It affects your intelligence (-2).
   It affects your dexterity (+3).
   It protects you from fire.
   It affects your resistance to hostile enchantments.
 d - a +6 amulet of reflection (around mantle)
 j - the ring "Doskatz" (on tentacle) {rElec rN+ Dex+4 Slay+3 Stlth-}
   (You found it on level 3 of the Crypt)

   [ring of positive energy]

   It affects your dexterity (+4).
   It affects your accuracy and damage with ranged weapons and melee attacks
   (+3).
   It insulates you from electricity.
   It protects you from negative energy.
   It makes you less stealthy.
 k - a +5 ring of dexterity
 p - a +5 ring of protection (right tentacle)
 q - the ring of Phasing (on tentacle) {EV+8}
   (You bought it in a shop on level 2 of the Orcish Mines)

   [ring of evasion]

   It affects your evasion (+8).
 w - the ring of Weucs (on tentacle) {rPois rF+ Dex+4 SInv}
   (You found it on level 5 of the Pits of Slime)

   [ring of see invisible]

   It affects your dexterity (+4).
   It protects you from fire.
   It protects you from poison.
   It lets you see invisible.
 A - the ring "Saqeke" {Wiz Str+5}
   (You acquired it on level 4 of the Depths)

   [ring of wizardry]

   It improves your spell success rate.
   It affects your strength (+5).
 M - the ring of Shadows {Umbra +Inv Stlth+}
   (You took it off an ironheart preserver on level 5 of the Vaults)

   [ring of stealth]

   It lets you turn invisible.
   It makes you more stealthy.
 S - an uncursed ring of resist corrosion
 W - the ring of Leaves (left tentacle) {rPois rC+++ rN+ MR- MP+9}
   (You took it off Jory on level 3 of the Crypt)

   [ring of positive energy]

   It renders you almost immune to cold.
   It protects you from poison.
   It protects you from negative energy.
   It affects your resistance to hostile enchantments.
   It affects your magic capacity (+9).
 Y - the ring "Fuomiejut" (on tentacle) {rF+ rN+ Dex+2 Slay+3}
   (You found it on level 3 of the Crypt)

   [ring of positive energy]

   It affects your dexterity (+2).
   It affects your accuracy and damage with ranged weapons and melee attacks
   (+3).
   It protects you from fire.
   It protects you from negative energy.
Scrolls
 m - 5 scrolls of blinking
 n - 14 scrolls of amnesia
 s - 9 scrolls of identify
 t - 19 scrolls of teleportation
 x - 35 scrolls of remove curse
 z - 2 scrolls of holy word
 I - 8 scrolls of magic mapping
 J - 2 scrolls of fear
 N - 6 scrolls of silence
 P - 5 scrolls of fog
 R - 2 scrolls of summoning
Potions
 g - 31 potions of curing
 h - 9 potions of flight
 i - 4 potions of berserk rage
 o - 7 potions of mutation
 r - 11 potions of lignification
 v - 6 potions of cancellation
 B - 5 potions of magic
 C - 6 potions of agility
 D - 7 potions of might
 E - 8 potions of heal wounds
 F - 10 potions of brilliance
 H - 5 potions of haste
 K - 5 potions of invisibility
 Q - 5 potions of ambrosia
 V - 4 potions of resistance
Books
 l - the Almanac of Boosting Weightlessness
   (You found it on level 2 of the Realm of Zot)

   Spells                             Type                      Level
   a - Infusion                       Charms                       1
   b - Shock                          Conjuration/Air              1
   c - Regeneration                   Charms/Necromancy            3
   d - Mephitic Cloud                 Conjuration/Poison/Air       3
   e - Deflect Missiles               Charms/Air                   6
   f - Conjure Ball Lightning         Conjuration/Air              6
 G - a book of Spatial Translocations

   Spells                             Type                      Level
   a - Blink                          Translocation                2
   b - Shroud of Golubria             Charms/Translocation         2
   c - Lesser Beckoning               Translocation                3
   d - Gell's Gravitas                Translocation                3
   e - Teleport Other                 Translocation                3
   f - Passage of Golubria            Translocation                4
Comestibles
 e - 61 rations


   Skills:
 + Level 24.2 Fighting
 + Level 23.8 Dodging
 - Level 16.0 Stealth
 * Level 25.7 Unarmed Combat
 + Level 13.8 Spellcasting
 - Level 5.0 Charms
 - Level 4.0 Necromancy
 - Level 6.0 Translocations
 - Level 19.0 Transmutations
 - Level 4.0 Ice Magic
 - Level 9.0 Earth Magic
 - Level 2.2 Poison Magic


You had 7 spell levels left.
You knew the following spells:

 Your Spells              Type           Power        Failure   Level  Hunger
a - Beastly Appendage     Tmut           ######       0%          1    None
b - Sticks to Snakes      Tmut           ######..     0%          2    None
c - Spider Form           Tmut/Pois      ######....   1%          3    None
d - Ice Form              Ice/Tmut       ######..     1%          4    #......
e - Blade Hands           Tmut           ######....   1%          5    ####...
f - Regeneration          Chrm/Necr      ####......   2%          3    None
g - Dragon Form           Tmut           ######....   1%          7    #######
h - Passwall              Tmut/Erth      ######....   1%          2    None
i - Statue Form           Tmut/Erth      ######...    2%          6    ######.
j - Apportation           Tloc           ####..       1%          1    None
k - Blink                 Tloc           N/A          1%          2    None
l - Passage of Golubria   Tloc           N/A          4%          4    #......
m - Deflect Missiles      Chrm/Air       ###.......   96%         6    ######.


Dungeon Overview and Level Annotations

Branches:
Dungeon (15/15)            Temple (1/1) D:5            Lair (6/6) D:11
 Shoals (4/4) Lair:2        Snake (4/4) Lair:3        Slime (5/5) Lair:6
    Orc (2/2) D:10            Elf (3/3) Orc:2        Vaults (5/5) D:14
  Crypt (3/3) Vaults:3       Tomb (0/3) Crypt:3      Depths (5/5) D:15
    Zot (5/5) Depths:5

Altars:
Ashenzari
Cheibriados
Dithmenos
Elyvilon
Fedhas
Gozag
Hepliaklqana
Kikubaaqudgha
Makhleb
Nemelex Xobeh
Okawaru
Qazlal
Ru
Sif Muna
Trog
Uskayaw
Vehumet
Wu Jian
Xom
Yredelemnul
Zin
The Shining One
Jiyva

Shops:
D:4 [   D:5 !   D:6 [   D:7 *   Orc:2 ===   Elf:1 [   Snake:1 [*   Vaults:4 (
Depths:1 }[%   Depths:3 (**

Portals:
Hell: Depths:1 Depths:2 Depths:3 Depths:4 Depths:5
Abyss: Depths:2 Depths:4
Pandemonium: Depths:3
Ziggurat: Depths:2

Annotations:
D:9 1 transporter, 2 runed doors, exclusion: orange crystal statue
Lair:2 exclusion: 2 oklob plants
Lair:4 exclusion: ice statue
Lair:6 exclusion: door
Elf:2 5 runed doors, exclusion: 5 doors
Zot:5 exclusion: orange crystal statue


Innate Abilities, Weirdness & Mutations

You cannot wear most types of armour.
You are very stealthy in the water. (Stealth+)
You are amphibious.
You can wear up to seven rings at the same time.
You can use your tentacles to constrict seven enemies at once.
Your skin changes colour to match your surroundings (Stealth+).
You are clumsy. (Dex -2)
Your magical capacity is low. (-10% MP)
Your rubbery body absorbs attacks. (AC +1, EV +1)
You are missing a hand.
You cannot study or use magical devices.
You are surrounded by a mild repulsion field. (EV +2)
You are partially covered in rugged brown scales. (AC +1, +3% HP)
You are highly resistant to hostile enchantments. (MR++)
You are covered in fur. (AC +1)
You evolve.


Message History

a chain mail; a trident
There is a stone staircase leading up here.
You climb upwards.
There is a stone staircase leading down here.
You see here a club.
A pandemonium lord and a lich come into view.
There is a stone staircase leading up here.
Yjig begins to attack, but is stunned by your will!
You climb upwards.
There is a stone staircase leading down here.
(D) Dungeon (T) Temple (L) Lair (A) Shoals (P) Snake Pit (M) Slime Pits (O) Orcish Mines (E) Elven Halls (V) Vaults (C) Crypt (W) Tomb (U) Depths (H) Hell (Z) Zot
Where to? (Enter - D:1 @ (x,y), ? - help)
Things that are here:
3 stones; a dagger
There is a staircase leading out of the dungeon here.
You can't go down here!
You have escaped!

....# #.......#.#...........#..#
##### #.....###.########........
# #.#####.....### ##.##.#..# #
#.# #'.......'###....#...# #
#.###.........##..#.###..# #
#.##...........##....#..## #
#.#.............##.......# ##
###.#........[....##...>....
.#####...#......@......#.........
........##.............###.......
.#####..##.............# #......#
## #..###.........).## #####.## #
#..# ##.).......'# #.# ######..#
##.......### #.# ##......#
##.....## #.# ##.####.# ##...##
#.# ##.####.######'#.## #####.#


There were no monsters in sight!

Vanquished Creatures
  the Royal Jelly (Slime:5)
  5 orbs of fire
  4 ancient liches
  2 juggernauts
  Sojobo (Depths:1)
  Frederick (Vaults:4)
  7 Killer Klowns (Zot:5)
  8 caustic shrikes
  4 curse toes
  Jory (Crypt:3)
  the Enchantress (Depths:5)
  9 golden dragons
  2 bone dragons
  A profane servitor (Abyss:3)
  4 liches
  2 electric golems (Zot:5)
  18 tentacled monstrosities
  A Brimstone Fiend (Zot:5)
  26 Orb Guardians
  7 quicksilver dragons
  12 acid blobs
  4 deep elf blademasters (Elf:3)
  3 titans
  3 deep elf master archers (Elf:3)
  An ancient champion (Crypt:3)
  2 sphinxes
  3 tentacled starspawn (Abyss:3)
  A kraken (Shoals:4)
  11 death cobs
  6 shadow dragons
  Roxanne (D:15)
  7 nagarajas
  12 tengu reavers
  9 draconian monks
  11 storm dragons
  14 fire giants
  9 azure jellies (Slime:5)
  13 frost giants
  Ilsuiw (Shoals:4)
  2 revenants
  A draconian knight (Depths:5)
  A blood saint (D:15)
  3 balrugs
  8 draconian shifters
  5 draconian scorchers
  5 deep elf sorcerers
  16 vault wardens
  3 curse skulls (Crypt:3)
  Aizul (Elf:1)
  2 iron dragons (Vaults:5)
  4 ghost moths
  A cacodemon (Abyss:3)
  5 deep elf elementalists
  14 ironheart preservers
  5 spriggan defenders
  2 draconian stormcallers (Zot:1)
  11 ghouls
  2 war gargoyles
  2 reapers
  5 draconian annihilators
  21 stone giants
  16 very ugly things
  19 vampire knights
  An entropy weaver (Vaults:1)
  10 green draconians
  A caustic shrike skeleton (Crypt:1)
  4 deep elf demonologists
  A black sun (D:9)
  18 red draconians
  10 white draconians
  9 purple draconians
  Nessos (D:12)
  5 black draconians
  Azrael (Elf:1)
  9 deep elf annihilators
  16 yellow draconians
  5 spark wasps
  10 deep elf death magi
  4 eidola
  A minotaur (Lab)
  A quicksilver dragon zombie (Crypt:3)
  10 merfolk javelineers
  10 merfolk impalers
  8 death oozes (Slime:5)
  16 ettins
  11 fire dragons
  17 jiangshi
  22 yaktaur captains
  22 ogre magi
  17 ice dragons
  13 deep elf high priests
  A hell beast (Depths:2)
  4 hydras
  15 great orbs of eyes
  38 vault guards
  13 naga warriors
  3 spriggan air magi
  6 rakshasas
  5 merfolk avatars (Shoals:4)
  18 anacondas
  7 centaur warriors
  4 death knights
  3 alligator snapping turtles
  5 merfolk aquamancers
  A satyr (Shoals:4)
  68 two-headed ogres
  20 dancing weapons
  Urug (Lair:2)
  6 deep troll shamans
  4 thrashing horrors (Abyss:3)
  8 deep troll earth magi
  8 death yaks
  14 vampire magi
  4 spriggan berserkers (Depths:5)
  3 orc high priests (Orc:2)
  7 shock serpents
  2 sun demons (Depths:1)
  13 tengu warriors
  2 soul eaters
  11 naga sharpshooters
  11 hell knights
  A shock serpent (shapeshifter) (D:14)
  18 deep elf knights
  2 wretched stars
  Nergalle (D:12)
  6 shadow wraiths
  3 golden dragon zombies
  2 iron trolls
  A fire crab (shapeshifter) (D:14)
  2 storm dragon skeletons
  25 deep trolls
  A sea snake (shapeshifter) (D:14)
  A salamander mystic (Snake:1)
  A sixfirhy (Zot:1)
  36 skeletal warriors
  3 unseen horrors
  6 flayed ghosts
  An infernal demonspawn (D:9)
  A ghost moth zombie (Crypt:3)
  A death drake (shapeshifter) (Vaults:5)
  A torturous demonspawn (D:12)
  An unseen horror (shapeshifter) (Vaults:2)
  8 sea snakes
  7 naga ritualists
  A swamp dragon (shapeshifter) (Vaults:4)
  6 glowing orange brains
  Pikel (D:8)
  19 phantasmal warriors
  18 deep elf archers
  A shambling mangrove (Lair:4)
  17 orc knights
  2 shadow dragon zombies (Crypt:3)
  3 wizards
  A tengu skeleton (Vaults:1)
  20 harpies
  4 stone giant zombies
  6 shining eyes
  76 deep elf magi
  9 mana vipers
  12 ironbrand convokers
  15 large abominations
  10 necromancers
  2 wolf spiders (shapeshifter)
  A mana viper (shapeshifter) (Depths:4)
  4 wolf spiders
  6 fauns
  13 oklob plants
  3 cyclopes
  14 manticores
  11 orc sorcerers
  7 salamanders
  42 ugly things
  A worldbinder (Abyss:2)
  18 elephants
  17 moths of wrath
  12 naga magi
  Psyche (D:10)
  5 merfolk sirens
  18 guardian serpents
  9 water nymphs
  A spiny frog (shapeshifter) (Vaults:1)
  2 guardian serpents (shapeshifter)
  A rust devil (Abyss:2)
  5 eyes of devastation
  29 black mambas
  19 spiny frogs
  9 smoke demons
  16 vault sentinels
  A torpor snail (Lair:6)
  A yaktaur zombie (Vaults:1)
  6 gargoyles
  A catoblepas zombie (Crypt:3)
  2 emperor scorpion zombies
  7 komodo dragons
  A redback zombie (D:15)
  46 yaktaurs
  2 efreet
  2 ice devils
  8 rime drakes
  7 freezing wraiths
  A queen bee (D:13)
  2 wandering mushrooms
  A minotaur zombie (Lab)
  11 tengu conjurers
  5 ancient zymes
  A komodo dragon (shapeshifter) (Depths:2)
  35 merfolk
  7 trolls
  2 hydra zombies
  A silent spectre (Abyss:3)
  4 polar bears
  65 slime creatures
  A polar bear (shapeshifter) (Vaults:3)
  5 hornets
  A hydra skeleton (Crypt:3)
  3 meliai (D:13)
  7 dream sheep
  7 wind drakes
  10 snapping turtles
  Grinder (D:5)
  10 hippogriffs
  2 fire dragon zombies (Crypt:3)
  A harpy skeleton (Crypt:1)
  3 bog bodies
  10 raiju
  An ettin zombie (Crypt:3)
  A fire giant simulacrum (Vaults:4)
  A frost giant simulacrum (Depths:2)
  12 blink frogs
  A minotaur skeleton (Crypt:2)
  An ice dragon zombie (Crypt:3)
  A stone giant simulacrum (Depths:1)
  9 water elementals
  8 flying skulls
  A guardian serpent skeleton (Crypt:3)
  4 starcursed masses (Abyss:3)
  A satyr skeleton (Crypt:2)
  3 ynoxinuls
  9 air elementals
  2 redbacks (Vaults:1)
  5 spriggans
  A tarantella (Vaults:1)
  Sigmund (D:6)
  An alligator skeleton (Crypt:3)
  5 ettin skeletons
  A shadow (Lab)
  16 wraiths
  28 fire elementals
  A fire bat (shapeshifter) (D:15)
  A basilisk (Lair:6)
  4 golden eyes (Slime:5)
  A hog (shapeshifter) (Vaults:3)
  A wyvern (Lair:6)
  30 yaks
  2 steam dragons (Shoals:2)
  A black mamba skeleton (Crypt:1)
  4 chaos spawn (Abyss:3)
  5 hungry ghosts
  3 vampire mosquitoes (D:15)
  A wind drake skeleton (Crypt:1)
  A torturous demonspawn zombie (Crypt:3)
  3 neqoxecs
  7 wargs
  6 acid dragons
  54 nagas
  An ogre zombie (Vaults:1)
  A soldier ant (shapeshifter) (Vaults:3)
  4 floating eyes
  22 water moccasins
  4 hell hounds
  A floating eye (shapeshifter) (Vaults:5)
  11 porcupines
  42 orc warriors
  11 ice beasts
  2 black bears
  4 sky beasts
  A torturous demonspawn skeleton (Crypt:3)
  A blink frog zombie (Crypt:1)
  5 phantoms
  10 eyes of draining
  A slave (D:8)
  49 ogres
  5 wolves (Lair:3)
  An eye of draining (shapeshifter) (Abyss:1)
  5 necrophages
  A tengu (shapeshifter) (Vaults:2)
  A snapping turtle zombie (Crypt:2)
  10 boggarts
  13 crocodiles
  16 centaurs
  An elephant skeleton (Crypt:2)
  A manticore skeleton (Crypt:2)
  A big kobold (D:10)
  12 bullfrogs
  2 earth elementals
  14 small abominations
  A wyvern skeleton (D:12)
  A wyvern zombie (D:10)
  A polar bear zombie (Crypt:3)
  A tengu zombie (Depths:1)
  A water moccasin skeleton (Crypt:2)
  A troll zombie (Crypt:3)
  11 scorpions
  25 killer bees
  2 spriggan skeletons
  A polar bear skeleton (Crypt:3)
  A troll skeleton (Lab)
  7 howler monkeys
  4 electric eels
  4 bullfrog zombies
  10 centaur zombies
  4 crimson imps
  2 quasits
  4 human zombies
  6 centaur skeletons
  17 orc priests
  A hound (D:6)
  7 jellies
  37 orc wizards
  2 iron imps (Abyss:3)
  A bullfrog skeleton (Crypt:3)
  3 iguanas (D:5)
  Natasha (twice) (D:2)
  13 worker ants
  2 big kobold zombies (Ossuary)
  6 ogre skeletons (Lab)
  2 hound skeletons
  4 mummies
  A howler monkey skeleton (D:6)
  A worker ant zombie (Crypt:1)
  4 scorpion zombies (Ossuary)
  4 adders
  A steam dragon zombie (Crypt:1)
  A swamp drake skeleton (Crypt:1)
  3 shadow imps
  A steam dragon skeleton (Crypt:3)
  A white imp (Lair:4)
  An ufetubus (Abyss:3)
  4 oozes
  A halfling zombie (Crypt:2)
  2 adder skeletons
  5 worms (D:2)
  A barachi zombie (Crypt:1)
  A dart slug (D:3)
  2 leopard geckos
  95 orcs
  8 bats
  5 giant cockroaches
  6 goblins
  9 hobgoblins
  9 jackals
  4 quokkas
  A ball python (D:4)
  A frilled lizard (D:1)
  2 gnoll zombies (Ossuary)
  A goblin zombie (Ossuary)
  2 hobgoblin zombies (Ossuary)
  A jackal skeleton (D:6)
  10 kobolds
  2 kobold zombies (Ossuary)
  5 rats
  A spectral orc (D:9)
  13 bushes
  8 crawling corpses
  7 fungi
  A plant (Zot:4)
  2 starspawn tentacles (Abyss:3)
  4 tentacles (Shoals:4)
2742 creatures vanquished.

Vanquished Creatures (collateral kills)
  A merfolk impaler (Shoals:4)
  5 hydras
  A naga warrior (Snake:3)
  2 two-headed ogres
  Sonja (Lair:2)
  2 harpies (Shoals:4)
  A faun (Shoals:3)
  A deep elf mage (Elf:3)
  A naga mage (Snake:4)
  A merfolk siren (Shoals:3)
  A wind drake (Shoals:2)
  A slime creature (D:15)
  A merfolk (Shoals:4)
  4 yaks
  2 centaurs
  An ogre (Orc:2)
  2 orc wizards (Orc:2)
  Crazy Yiuf (D:5)
  A human zombie (Ossuary)
  A scorpion zombie (Ossuary)
  3 orcs (Orc:2)
  A goblin (D:2)
  A hobgoblin (D:2)
  A kobold zombie (Ossuary)
  A rat (D:2)
38 creatures vanquished.

Vanquished Creatures (others)
  A tentacled monstrosity (Zot:2)
  2 vault wardens
  A stone giant (Depths:2)
  A red draconian (Zot:3)
  An ettin (Abyss:3)
  2 merfolk impalers (Shoals:4)
  A yaktaur captain (Vaults:5)
  A naga warrior (Snake:4)
  A spriggan air mage (Depths:5)
  An anaconda (Snake:3)
  A two-headed ogre (Vaults:5)
  A centaur warrior (Vaults:3)
  A deep troll earth mage (Depths:2)
  A torturous demonspawn (Zot:1)
  A shadow wraith (Crypt:3)
  3 deep elf magi
  A moth of wrath (Zot:5)
  A black mamba (Lair:6)
  A troll (Vaults:1)
  A blink frog (Lair:6)
  A raiju (Abyss:1)
  A basilisk (Lair:6)
  A wyvern (D:14)
  An acid dragon (D:11)
  A naga (Snake:4)
  2 ogres
  A centaur (Lair:2)
  2 scorpions (Ossuary)
  A killer bee (D:13)
  An iron imp (Abyss:2)
  A small abomination (Abyss:1)
  A leopard gecko (D:7)
  2 orcs (Orc:2)
  2 orc zombies (Ossuary)
  A crawling corpse (Elf:3)
  12 fungi
  2 lurking horrors (Abyss:3)
  22 plants
  9 starspawn tentacles
  9 tentacles (Shoals:4)
  A withered plant (Crypt:3)
98 creatures vanquished.

Grand Total: 2878 creatures vanquished

Notes
Turn   | Place    | Note
-------+----------+-------------------------------------------
     0 | D:1      | Mukku the Octopode Transmuter began the quest for the Orb.
     0 | D:1      | Reached XP level 1. HP: 13/13 MP: 3/3
   113 | D:1      | Reached XP level 2. HP: 18/18 MP: 5/5
   117 | D:1      | Learned a level 2 spell: Sticks to Snakes
   950 | D:1      | Reached XP level 3. HP: 18/24 MP: 4/6
   963 | D:1      | Learned a level 3 spell: Spider Form
  1364 | D:2      | Reached skill level 1 in Poison Magic
  1476 | D:2      | Noticed Natasha
  1532 | D:2      | Killed Natasha
  1532 | D:2      | Reached XP level 4. HP: 25/29 MP: 1/7
  1944 | D:2      | Noticed Natasha
  2039 | D:2      | Found a deep blue altar of Sif Muna.
  2151 | D:2      | Killed Natasha
  2151 | D:2      | Reached XP level 5. HP: 34/34 MP: 6/8
  2771 | D:3      | Noticed a sky beast
  2781 | D:3      | Killed a sky beast
  2781 | D:3      | Reached skill level 4 in Unarmed Combat
  2781 | D:3      | Reached XP level 6. HP: 19/41 MP: 6/9
  3566 | D:4      | Found Hubyxiuh's Antique Armour Boutique.
  3657 | D:4      | Reached skill level 1 in Shields
  3941 | D:4      | Noticed a sky beast
  3952 | D:4      | Killed a sky beast
  3952 | D:4      | Reached XP level 7. HP: 31/46 MP: 3/10
  4190 | D:4      | Found a glowing silver altar of Zin.
  4265 | D:4      | Reached skill level 5 in Transmutations
  4714 | D:5      | Entered Level 5 of the Dungeon
  4714 | D:5      | Found Utsok's Distillery.
  4716 | D:5      | Bought a potion of curing for 42 gold pieces
  4775 | D:5      | Found a burning altar of Makhleb.
  4893 | D:5      | Found a staircase to the Ecumenical Temple.
  4903 | Temple   | Entered the Ecumenical Temple
  5047 | D:5      | Found an ornate altar of the Wu Jian Council.
  5171 | D:5      | Reached XP level 8. HP: 37/54 MP: 11/11
  5396 | D:5      | Noticed Grinder
  5465 | D:5      | Paralysed by Grinder for 6 turns
  5472 | D:5      | Killed Grinder
  5472 | D:5      | Reached skill level 5 in Fighting
  5472 | D:5      | Reached skill level 5 in Unarmed Combat
  5917 | D:5      | Found a runed door.
  5924 | D:5      | Noticed Crazy Yiuf
  5934 | D:5      | Killed Crazy Yiuf
  6180 | D:6      | Found Dibram's Antique Armour Emporium.
  6193 | D:6      | Noticed Sigmund
  6234 | D:6      | Killed Sigmund
  6368 | D:6      | Learned a level 4 spell: Ice Form
  6411 | D:6      | Bought a glowing buckler for 217 gold pieces
  6664 | D:6      | Reached skill level 1 in Ice Magic
  6778 | D:6      | Noticed a hippogriff
  7099 | D:6      | Killed a hippogriff
  7099 | D:6      | Reached XP level 9. HP: 49/62 MP: 6/12
  7592 | D:7      | Found a sand-covered staircase.
  7601 | Ossuary  | Entered an ossuary
  8480 | D:7      | Reached skill level 6 in Unarmed Combat
  8940 | D:7      | Found a shattered altar of Ashenzari.
  9127 | D:7      | Found a deep blue altar of Sif Muna.
  9239 | D:7      | Reached XP level 10. HP: 69/69 MP: 11/15
  9249 | D:7      | Reached skill level 5 in Dodging
  9613 | D:7      | Found Gusen's General Store.
  9701 | D:7      | Found a sacrificial altar of Ru.
  9956 | D:7      | Became a worshipper of Ru the Awakened
 10061 | D:7      | Found a hide-covered altar of Uskayaw.
 10204 | D:8      | Learned a level 5 spell: Blade Hands
 10424 | D:8      | Noticed Pikel
 10451 | D:8      | Killed Pikel
 10981 | D:8      | Reached skill level 7 in Unarmed Combat
 11028 | D:8      | Noticed a two-headed ogre
 11046 | D:8      | Killed a two-headed ogre
 11152 | D:9      | Found a basalt altar of Yredelemnul.
 11262 | D:9      | Found a shadowy altar of Dithmenos.
 11263 | D:9      | Found a stormy altar of Qazlal.
 11290 | D:9      | Gained mutation: Your magical capacity is low. (-10% MP) [Ru sacrifice]
 11322 | D:9      | Learned a level 3 spell: Regeneration
 11329 | D:9      | Found a transporter.
 11567 | D:9      | Found the +10 large shield of Ignorance {rN+ Int-4}
 11572 | D:9      | Found a runed door.
 11580 | D:9      | Noticed an orange crystal statue
 11596 | D:9      | Found a runed door.
 11761 | D:9      | Noticed a two-headed ogre
 11781 | D:10     | Entered Level 10 of the Dungeon
 11791 | D:10     | Found a staircase to the Orcish Mines.
 11938 | D:10     | Reached skill level 5 in Spellcasting
 12102 | D:10     | Noticed Psyche
 12110 | D:10     | Killed Psyche
 12110 | D:10     | Reached XP level 11. HP: 65/75 MP: 10/16
 12414 | D:11     | Reached skill level 1 in Charms
 12414 | D:11     | Reached skill level 1 in Necromancy
 12548 | D:11     | Noticed an oklob plant
 12548 | D:11     | Noticed an oklob plant
 12587 | D:11     | Noticed an ogre mage
 12594 | D:11     | Noticed a two-headed ogre
 12596 | D:11     | Noticed a two-headed ogre
 12709 | D:11     | Noticed a seven-headed hydra
 13145 | D:11     | Noticed a two-headed ogre
 13148 | D:11     | Killed an ogre mage
 13151 | D:11     | Killed a two-headed ogre
 13454 | D:11     | Killed a two-headed ogre
 13454 | D:11     | Reached skill level 8 in Unarmed Combat
 13599 | D:11     | Noticed an oklob plant
 13835 | D:11     | Found a staircase to the Lair.
 13851 | D:11     | an oklob plant changed into a wandering mushroom
 14346 | D:11     | Killed an oklob plant
 14485 | D:11     | Killed an oklob plant
 14590 | Lair:1   | Entered Level 1 of the Lair of Beasts
 14721 | Lair:1   | Found a radiant altar of Vehumet.
 14746 | Lair:1   | Reached skill level 1 in Stealth
 15095 | Lair:1   | Reached XP level 12. HP: 39/84 MP: 7/17
 15544 | Lair:1   | Found a stormy altar of Qazlal.
 15757 | Lair:2   | Noticed Sonja
 16601 | Lair:2   | Noticed Urug
 16690 | Lair:2   | Killed Urug
 16705 | Lair:2   | Killed Sonja
 16819 | Lair:1   | Reached skill level 9 in Unarmed Combat
 16893 | Lair:2   | Found a staircase to the Shoals.
 16972 | Lair:2   | Reached skill level 5 in Stealth
 17340 | Lair:2   | Found the +8 frozen axe "Frostbite" {freezing cloud, *Noise +Fly rC+}
 17674 | Lair:3   | Reached skill level 10 in Transmutations
 17744 | Lair:3   | Noticed a six-headed hydra
 17777 | Lair:3   | Noticed an eight-headed hydra
 18418 | Lair:3   | Killed an eight-headed hydra
 18579 | Lair:3   | Reached skill level 1 in Evocations
 18599 | Lair:3   | Reached XP level 13. HP: 80/90 MP: 18/18
 18841 | Lair:3   | Found a staircase to the Snake Pit.
 19875 | Lair:4   | Found a labyrinth entrance.
 19884 | Lab      | Entered a labyrinth
 20128 | Lab      | Noticed a minotaur
 20139 | Lab      | Killed a minotaur
 20287 | Lair:4   | Noticed an ice dragon
 20619 | Lair:4   | Gained mutation: You are missing a hand. [Ru sacrifice]
 20619 | Lair:4   | Reached * piety under Ru
 20619 | Lair:4   | Reached ** piety under Ru
 20619 | Lair:4   | Reached *** piety under Ru
 20647 | Lair:4   | Killed an ice dragon
 20754 | Lair:4   | Reached skill level 10 in Fighting
 21792 | Lair:5   | Identified the Incunabulum of Transformation
 21968 | Lair:5   | Reached skill level 10 in Dodging
 21968 | Lair:5   | Reached skill level 5 in Evocations
 22659 | Lair:6   | Entered Level 6 of the Lair of Beasts
 22987 | Orc:1    | Entered Level 1 of the Orcish Mines
 22989 | Orc:1    | Noticed an ettin
 23465 | Orc:2    | Entered Level 2 of the Orcish Mines
 23465 | Orc:2    | Found a staircase to the Elven Halls.
 23837 | Orc:2    | Found Xuppei Geid's Antique Weapon Shop.
 23973 | Orc:1    | Reached XP level 14. HP: 74/99 MP: 15/20
 24074 | Orc:2    | Reached skill level 10 in Unarmed Combat
 24590 | Orc:2    | Found Kearheot's Jewellery Shoppe.
 24595 | Orc:2    | Found Vydis's Jewellery Shoppe.
 24605 | Orc:2    | Found Woetsisch's Jewellery Shop.
 24624 | Orc:2    | Bought the ring "Weodilaz" {rF+ MR++ Str+8 Int-2 Dex+3} for 889 gold pieces
 25200 | D:12     | Noticed Nessos
 25204 | D:12     | Killed Nessos
 25222 | D:12     | Noticed a tengu reaver
 25224 | D:12     | Noticed a fire giant
 25232 | D:12     | Killed a tengu reaver
 25263 | D:11     | Learned a level 7 spell: Dragon Form
 25266 | D:11     | Learned a level 2 spell: Passwall
 25367 | D:12     | Identified the Almanac of Entrancing Venom
 25371 | D:12     | Got a pitted glass ring
 25373 | D:12     | Identified the ring of Toin {*Slow rElec rC- Str+8 Int+3} (You found it on level 12 of the Dungeon)
 26007 | Orc:1    | Reached skill level 1 in Earth Magic
 26377 | Orc:2    | Bought an uncursed ring of protection from fire for 375 gold pieces
 26563 | D:12     | Killed a fire giant
 26663 | D:12     | Noticed Nergalle
 26684 | D:12     | Killed Nergalle
 27031 | D:13     | Found a shadowy altar of Dithmenos.
 27371 | D:13     | Got an iridescent rapier
 27938 | D:14     | Found a glowing golden altar of the Shining One.
 28135 | D:13     | Gained mutation: You cannot study or use magical devices. [Ru sacrifice]
 28135 | D:13     | Reached **** piety under Ru
 28135 | D:13     | Reached ***** piety under Ru
 28252 | D:14     | Found a gate to the Vaults.
 28297 | D:14     | Reached XP level 15. HP: 108/108 MP: 17/23
 28809 | D:15     | Entered Level 15 of the Dungeon
 28977 | D:15     | Reached skill level 5 in Charms
 29489 | D:15     | Reached skill level 5 in Earth Magic
 29717 | D:15     | Noticed Roxanne
 29818 | D:15     | Gained mutation: You are clumsy. (Dex -2) [Ru sacrifice]
 29818 | D:15     | Reached ****** piety under Ru
 30015 | D:15     | Found a staircase to the Depths.
 30383 | Snake:1  | Entered Level 1 of the Snake Pit
 30728 | Snake:1  | Found Eheniudd's Armour Boutique.
 30732 | Snake:1  | Found Rudgh's General Store.
 30743 | Snake:1  | Bought a scroll of teleportation for 51 gold pieces
 31197 | Snake:1  | Reached XP level 16. HP: 73/116 MP: 21/25
 31278 | Snake:1  | Reached skill level 11 in Unarmed Combat
 32179 | Lair:6   | Found a staircase to the Slime Pits.
 33133 | Lair:6   | Reached skill level 15 in Transmutations
 33845 | Shoals:1 | Entered Level 1 of the Shoals
 34833 | Shoals:2 | Reached skill level 12 in Unarmed Combat
 34848 | Shoals:2 | Reached XP level 17. HP: 117/123 MP: 0/26
 36913 | Shoals:4 | Entered Level 4 of the Shoals
 36913 | Shoals:4 | Noticed Ilsuiw
 37254 | Shoals:4 | Killed Ilsuiw
 37701 | Shoals:4 | Reached skill level 10 in Spellcasting
 37944 | Shoals:4 | Got a twitching lead amulet
 37954 | Shoals:4 | Identified the amulet of Niar {Reflect rN+ SH+3} (You found it on level 4 of the Shoals)
 38330 | Shoals:4 | Got an ancient emerald amulet
 38575 | Shoals:4 | Reached XP level 18. HP: 132/132 MP: 19/28
 38601 | Shoals:4 | Got a barnacled rune of Zot
 40155 | Snake:2  | Identified the amulet "Ubbaofoxt" {Spirit rC+} (You found it on level 4 of the Shoals)
 40372 | Snake:3  | Reached skill level 15 in Fighting
 40400 | Snake:3  | Reached skill level 15 in Dodging
 40451 | Snake:3  | Learned a level 6 spell: Statue Form
 40714 | Snake:3  | Identified 2 scrolls of acquirement
 41578 | Snake:4  | Entered Level 4 of the Snake Pit
 42176 | Snake:4  | Reached XP level 19. HP: 139/139 MP: 25/29
 42782 | Snake:4  | Got a serpentine rune of Zot
 43019 | Orc:2    | Got a wavering marble ring
 43021 | Orc:2    | Identified the ring of Ommei {MR+ MP+9 Str+4} (You acquired it on level 2 of the Orcish Mines)
 43024 | Elf:1    | Entered Level 1 of the Elven Halls
 43098 | Elf:1    | Noticed Azrael
 43106 | Elf:1    | Noticed Aizul
 43111 | Elf:1    | Killed Azrael
 43123 | Elf:1    | Killed Aizul
 43296 | Elf:1    | Reached skill level 13 in Unarmed Combat
 43582 | Elf:1    | Found Didoileaq's Armour Boutique.
 44749 | Elf:2    | Reached XP level 20. HP: 148/148 MP: 30/30
 44754 | Elf:2    | Found a huge runed gate.
 44754 | Elf:2    | Found a huge runed gate.
 44754 | Elf:2    | Found a huge runed gate.
 44754 | Elf:2    | Found a huge runed gate.
 44754 | Elf:2    | Found a huge runed gate.
 44759 | Elf:2    | Reached skill level 14 in Unarmed Combat
 45031 | Elf:3    | Entered Level 3 of the Elven Halls
 46263 | Elf:3    | Reached skill level 15 in Unarmed Combat
 46725 | Elf:3    | Identified the Catalogue of Mutagenic Stolen Souls
 46781 | Elf:3    | Identified the Compendium of Lethal Transmigration
 46810 | Elf:3    | Learned a level 1 spell: Apportation
 47080 | Orc:2    | Bought the ring of Phasing {EV+8} for 1536 gold pieces
 47080 | Orc:2    | Found the ring of Phasing {EV+8}
 47238 | Vaults:1 | Entered Level 1 of the Vaults
 47611 | Vaults:1 | Reached XP level 21. HP: 156/156 MP: 31/31
 47724 | Vaults:1 | Reached skill level 16 in Unarmed Combat
 49093 | Vaults:2 | Reached skill level 17 in Unarmed Combat
 49872 | Vaults:3 | Found a staircase to the Crypt.
 49872 | Vaults:3 | Found an ancient bone altar of Kikubaaqudgha.
 49922 | Vaults:3 | Found a basalt altar of Yredelemnul.
 50057 | Vaults:3 | Reached XP level 22. HP: 164/164 MP: 27/32
 50855 | Vaults:4 | Reached skill level 10 in Stealth
 51100 | Vaults:4 | Got a scorched granite ring
 51101 | Vaults:4 | Identified the ring of the Establishment {Fire rElec Str-3 Dex+3 Stlth+} (You found it on level 4 of the Vaults)
 51275 | Vaults:4 | Noticed Frederick
 51288 | Vaults:4 | Reached skill level 18 in Unarmed Combat
 51295 | Vaults:4 | Killed Frederick
 51807 | Vaults:4 | Found Coifourgh's Weapon Emporium.
 52101 | Depths:1 | Entered Level 1 of the Depths
 52275 | Depths:1 | Found Muozisa's Food Shop.
 52279 | Depths:1 | Found Jahomn's Armour Boutique.
 52280 | Depths:1 | Found Ipuopaq's Gadget Shop.
 52377 | Depths:1 | Reached XP level 23. HP: 171/171 MP: 33/33
 52572 | Depths:1 | Noticed Sojobo
 52586 | Depths:1 | Killed Sojobo
 52872 | Depths:1 | Found a gateway to Hell.
 53101 | Depths:2 | Reached skill level 19 in Unarmed Combat
 53293 | Depths:2 | Found a one-way gate to the infinite horrors of the Abyss.
 53294 | Depths:2 | Found a gateway to a ziggurat.
 53459 | Depths:2 | Found a shimmering altar of Xom.
 53460 | Depths:2 | Found a burning altar of Makhleb.
 53460 | Depths:2 | Found a glowing golden altar of the Shining One.
 53648 | Depths:2 | Noticed a golden dragon
 53654 | Depths:2 | Killed a golden dragon
 53709 | Depths:2 | Noticed a caustic shrike
 53713 | Depths:2 | Noticed a juggernaut
 53722 | Depths:2 | Killed a caustic shrike
 53738 | Depths:2 | Killed a juggernaut
 53757 | Depths:2 | Got a translucent granite ring
 53872 | Depths:2 | Reached XP level 24. HP: 180/180 MP: 33/33
 54286 | D:15     | Killed Roxanne
 54287 | D:15     | Identified Roxanne's Disquisition on the Rocks (You took it off Roxanne on level 15 of the Dungeon)
 54775 | Depths:3 | Found Gozag's Assorted Antiques.
 54850 | Depths:3 | Found an opulent altar of Gozag.
 54850 | Depths:3 | Found Gozag's Assorted Antiques.
 54869 | Depths:3 | Found Gozag's Antique Weapon Shoppe.
 55126 | Depths:3 | Found a one-way gate leading to the halls of Pandemonium.
 55754 | Depths:4 | Noticed a caustic shrike
 55755 | Depths:4 | Noticed a caustic shrike
 55755 | Depths:4 | Noticed a caustic shrike
 55757 | Depths:4 | Noticed a caustic shrike
 55757 | Depths:4 | Noticed a caustic shrike
 55767 | Depths:4 | Killed a caustic shrike
 55767 | Depths:4 | Reached skill level 20 in Unarmed Combat
 55772 | Depths:4 | Killed a caustic shrike
 55774 | Depths:4 | Killed a caustic shrike
 55774 | Depths:4 | Reached skill level 15 in Stealth
 55778 | Depths:4 | Killed a caustic shrike
 55856 | Depths:4 | Killed a caustic shrike
 56276 | Depths:4 | Found a white marble altar of Elyvilon.
 56402 | Depths:4 | Reached XP level 25. HP: 187/187 MP: 33/33
 56450 | Depths:4 | Noticed a juggernaut
 56453 | Depths:4 | Killed a juggernaut
 56495 | Depths:4 | Got a coiled granite ring
 56496 | Depths:4 | Identified the ring "Paffut" {rPois rF+ Str+3 Dex+3 Stlth-} (You took it off a deep elf high priest on level 2 of the Depths)
 56497 | Depths:4 | Identified the ring of the Modern Coins {rElec rPois rC- MR+ Dex+3} (You found it on level 4 of the Depths)
 56506 | Depths:4 | Got a pitted gossamer ring
 56507 | Depths:4 | Identified the ring "Saqeke" {Wiz Str+5} (You acquired it on level 4 of the Depths)
 56837 | Depths:5 | Entered Level 5 of the Depths
 56931 | Depths:5 | Found a gate to the Realm of Zot.
 57245 | Depths:5 | Noticed the Enchantress
 57251 | Depths:5 | Killed the Enchantress
 57720 | Depths:4 | Voluntarily entered the Abyss.
 58370 | Abyss:2  | Reached skill level 21 in Unarmed Combat
 58548 | Abyss:3  | Found a bloodstained altar of Trog.
 59172 | Abyss:3  | Got an abyssal rune of Zot
 59327 | Depths:4 | Escaped the Abyss
 59661 | Crypt:1  | Entered Level 1 of the Crypt
 59720 | Crypt:1  | Reached XP level 26. HP: 195/195 MP: 33/33
 60304 | Crypt:1  | Learned a level 2 spell: Blink
 60420 | Crypt:1  | Learned a level 4 spell: Passage of Golubria
 60495 | Crypt:2  | Reached skill level 1 in Translocations
 61071 | Crypt:3  | Entered Level 3 of the Crypt
 61204 | Crypt:3  | Found a staircase to the Tomb.
 61340 | Crypt:3  | Reached skill level 5 in Translocations
 61419 | Crypt:3  | Reached skill level 22 in Unarmed Combat
 61489 | Crypt:3  | Found a shimmering altar of Xom.
 62189 | Crypt:3  | Noticed Jory
 62201 | Crypt:3  | Killed Jory
 62209 | Crypt:3  | Got a transparent platinum ring
 62210 | Crypt:3  | Identified the ring of Leaves {rPois rC+++ rN+ MR- MP+9} (You took it off Jory on level 3 of the Crypt)
 62222 | Crypt:3  | Got a vibrating lapis lazuli ring
 62223 | Crypt:3  | Identified the ring "Doskatz" {rElec rN+ Dex+4 Slay+3 Stlth-} (You found it on level 3 of the Crypt)
 62224 | Crypt:3  | Identified the ring "Fuomiejut" {rF+ rN+ Dex+2 Slay+3} (You found it on level 3 of the Crypt)
 62237 | Crypt:3  | Identified the Catalogue of Orthodoxy
 62631 | Vaults:5 | Entered Level 5 of the Vaults
 62631 | Vaults:5 | Found the +3 warlock's mirror {reflect}
 62653 | Vaults:4 | Reached XP level 27. HP: 203/203 MP: 33/33
 62907 | Vaults:5 | Noticed an ancient lich
 62917 | Vaults:5 | Killed an ancient lich
 63060 | Vaults:5 | Reached skill level 23 in Unarmed Combat
 63065 | Vaults:5 | Got a silver rune of Zot
 63166 | Vaults:5 | Noticed an ancient lich
 63176 | Vaults:5 | Killed an ancient lich
 63838 | Vaults:5 | Got a bound copper ring
 63839 | Vaults:5 | Identified the ring "Tiwedih" {SInv Stlth-} (You took it off a yaktaur captain on level 5 of the Vaults)
 64594 | Slime:1  | Entered Level 1 of the Pits of Slime
 64627 | Slime:1  | Gained mutation: You are very clumsy. (Dex -4) [a shining eye]
 64734 | Slime:4  | Gained mutation: You expend magic power (3 MP) to strengthen your wands. [a shining eye]
 64758 | Slime:5  | Entered Level 5 of the Pits of Slime
 64853 | Slime:5  | Found a viscous altar of Jiyva.
 64877 | Slime:5  | Noticed the Royal Jelly
 64885 | Slime:5  | Killed the Royal Jelly
 64909 | Slime:5  | Paralysed by a floating eye for 4 turns
 64961 | Slime:5  | Got a steaming bronze ring
 64962 | Slime:5  | Identified the ring of Weucs {rPois rF+ Dex+4 SInv} (You found it on level 5 of the Pits of Slime)
 64984 | Slime:5  | Learned a level 6 spell: Deflect Missiles
 65038 | Slime:5  | Got a slimy rune of Zot
 65548 | Zot:1    | Entered Level 1 of the Realm of Zot
 66071 | Zot:1    | You fall through a shaft!
 66305 | Zot:1    | Reached skill level 24 in Unarmed Combat
 66497 | Zot:1    | Noticed an orb of fire
 66505 | Zot:1    | Killed an orb of fire
 66799 | Zot:2    | Identified the Almanac of Boosting Weightlessness
 67544 | Zot:3    | Noticed an orb of fire
 67548 | Zot:3    | Gained mutation: Your mind is acute. (Int +2) [an orb of fire]
 67550 | Zot:3    | Killed an orb of fire
 68895 | Zot:5    | Entered Level 5 of the Realm of Zot
 69036 | Zot:5    | Noticed an ancient lich
 69043 | Zot:5    | Killed an ancient lich
 69345 | Zot:5    | Reached skill level 25 in Unarmed Combat
 69801 | Zot:5    | Noticed an orb of fire
 69809 | Zot:5    | Gained mutation: You occasionally shout uncontrollably at your foes. [an orb of fire]
 69812 | Zot:5    | Gained mutation: You are frail. (-10% HP) [an orb of fire]
 69815 | Zot:5    | Killed an orb of fire
 69833 | Zot:5    | Noticed an ancient lich
 69844 | Zot:5    | Killed an ancient lich
 69924 | Zot:5    | Noticed an orb of fire
 69927 | Zot:5    | Killed an orb of fire
 69952 | Zot:5    | Noticed an orb of fire
 69955 | Zot:5    | Gained mutation: You tend to lose your temper in combat. [an orb of fire]
 69958 | Zot:5    | Gained mutation: Scrolls take you a little longer to read. [an orb of fire]
 69960 | Zot:5    | Killed an orb of fire
 70105 | Zot:5    | Lost mutation: You expend magic power (3 MP) to strengthen your wands. [potion of mutation]
 70105 | Zot:5    | Lost mutation: You are frail. (-10% HP) [potion of mutation]
 70105 | Zot:5    | Lost mutation: Your mind is acute. (Int +2) [potion of mutation]
 70105 | Zot:5    | Gained mutation: You are resistant to hostile enchantments. (MR+) [potion of mutation]
 70105 | Zot:5    | Gained mutation: You are covered in fur. (AC +1) [potion of mutation]
 70105 | Zot:5    | Lost mutation: Scrolls take you a little longer to read. [potion of mutation]
 70105 | Zot:5    | Gained mutation: You are highly resistant to hostile enchantments. (MR++) [potion of mutation]
 70106 | Zot:5    | Lost mutation: You are very clumsy. (Dex -4) [potion of mutation]
 70106 | Zot:5    | Lost mutation: You occasionally shout uncontrollably at your foes. [potion of mutation]
 70106 | Zot:5    | Lost mutation: You are highly resistant to hostile enchantments. (MR++) [potion of mutation]
 70106 | Zot:5    | Gained mutation: One of your tentacles bears a spike. [potion of mutation]
 70106 | Zot:5    | Gained mutation: You are surrounded by a mild repulsion field. (EV +2) [potion of mutation]
 70106 | Zot:5    | Gained mutation: You evolve. [potion of mutation]
 70107 | Zot:5    | Lost mutation: One of your tentacles bears a spike. [potion of mutation]
 70107 | Zot:5    | Lost mutation: You tend to lose your temper in combat. [potion of mutation]
 70107 | Zot:5    | Gained mutation: You are partially covered in rugged brown scales. (AC +1, +3% HP) [potion of mutation]
 70179 | Zot:5    | Got the Orb of Zot
 70188 | Zot:5    | Noticed Hadoaway the pandemonium lord
 70465 | Depths:2 | Gained mutation: You are highly resistant to hostile enchantments. (MR++) [evolution]
 70615 | D:13     | Noticed Giodag the pandemonium lord
 70788 | D:2      | Noticed Yjig the pandemonium lord
 70829 | D:$      | Escaped with the Orb!

Skill      XL: |  1  2  3  4  5  6  7  8  9 10 11 12 13 14 15 16 17 18 19 20 21 22 23 24 25 26 27 |
---------------+----------------------------------------------------------------------------------+-----
Fighting       | 2 3 4 5 6 7 8 9 10 11 12 13 14 15 16 17 18 19 20 24 | 24.2
Poison Magic   | 1 2 |  2.2
Transmutations | 3 4 5 6 7 8 10 11 13 14 15 16 17 18 19 | 19.0
Unarmed Combat | 4 5 6 7 8 9 10 12 13 15 17 18 19 20 21 22 25 | 25.7
Shields        | 1 3 4 0 |  0.0
Ice Magic      | 2 4 |  4.0
Dodging        | 3 4 6 7 9 10 11 14 15 16 17 18 19 20 23 | 23.8
Spellcasting   | 3 5 6 7 8 10 13 | 13.8
Charms         | 4 5 |  5.0
Necromancy     | 4 |  4.0
Stealth        | 1 6 8 12 14 15 16 | 16.0
Evocations     | 1 6 0 |  0.0
Earth Magic    | 3 5 7 9 |  9.0
Translocations | 6 |  6.0

Action                   |  1- 3 |  4- 6 |  7- 9 | 10-12 | 13-15 | 16-18 | 19-21 | 22-24 | 25-27 || total
-------------------------+-------+-------+-------+-------+-------+-------+-------+-------+-------++-------
Melee: Unarmed           |    79 |    96 |   357 |   477 |   839 |   850 |   800 |   756 |  1776 ||  6030
       Constrict         |    16 |    22 |    28 |    62 |   117 |    48 |    17 |    17 |   208 ||   535
       Kick              |    13 |     7 |    47 |    21 |    18 |     1 |       |       |       ||   107
       Tentacles         |     7 |    18 |    42 |   105 |   197 |   114 |    38 |    75 |   373 ||   969
       Punch             |     4 |     1 |    12 |    25 |    81 |   118 |    90 |   173 |   466 ||   970
       Tailslap          |       |       |       |       |     9 |    70 |   113 |   100 |   126 ||   418
       Bite              |       |       |       |       |     4 |    67 |    72 |    85 |   102 ||   330
 Fire: Hunting sling     |       |     1 |     9 |       |       |       |       |       |       ||    10
Throw: Javelin           |       |       |     3 |     1 |     2 |       |       |       |       ||     6
 Cast: Beastly Appendage |    10 |    10 |    14 |    12 |     6 |     1 |       |       |       ||    53
       Sticks to Snakes  |     4 |     2 |    20 |    26 |    59 |    65 |    29 |     6 |     5 ||   216
       Spider Form       |       |     4 |    16 |       |     2 |       |       |       |       ||    22
       Ice Form          |       |       |     8 |    10 |     4 |     1 |       |       |       ||    23
       Blade Hands       |       |       |       |    27 |    91 |    52 |     2 |       |     8 ||   180
       Regeneration      |       |       |       |    16 |   104 |   146 |    87 |    35 |   122 ||   510
       Dragon Form       |       |       |       |       |     1 |    50 |    55 |    42 |    57 ||   205
       Passwall          |       |       |       |       |     1 |       |       |     1 |       ||     2
       Statue Form       |       |       |       |       |       |     6 |    13 |    18 |    59 ||    96
Invok: Sacrifice Essence |       |       |       |     1 |       |       |       |       |       ||     1
       Reject Sacrifices |       |       |       |     1 |     1 |       |       |       |       ||     2
       Sacrifice a Hand  |       |       |       |       |     1 |       |       |       |       ||     1
       Sacrifice Artific |       |       |       |       |     1 |       |       |       |       ||     1
       Sacrifice Purity  |       |       |       |       |     1 |       |       |       |       ||     1
       Draw Out Power    |       |       |       |       |       |     4 |       |       |       ||     4
       Power Leap        |       |       |       |       |       |     3 |     3 |       |     5 ||    11
       Apocalypse        |       |       |       |       |       |       |     1 |       |     1 ||     2
 Abil: End Transformatio |       |       |       |       |       |    12 |    10 |     3 |    24 ||    49
       Breathe Fire      |       |       |       |       |       |     7 |     5 |     2 |     4 ||    18
Evoke: Wand              |       |       |       |    33 |    34 |       |       |       |       ||    67
  Use: Scroll            |       |     3 |    10 |    10 |    11 |    20 |     8 |     1 |    24 ||    87
       Potion            |       |       |       |     2 |     3 |     1 |     1 |       |     9 ||    16
 Stab: Sleeping          |     4 |     2 |     4 |     6 |    18 |    16 |    16 |    22 |    26 ||   114
       Distracted        |       |       |     1 |     1 |     8 |    14 |    10 |     9 |    35 ||    78
       Paralysed         |       |       |       |    13 |     3 |    11 |     1 |     3 |     2 ||    33
       Invisible         |       |       |       |       |    10 |    12 |    12 |     5 |    10 ||    49
       Confused          |       |       |       |       |       |       |       |     2 |       ||     2
  Eat: Chunk             |     2 |     9 |    16 |    31 |    52 |    50 |    41 |    46 |    47 ||   294
       Ration            |       |       |     2 |     3 |     7 |    11 |     7 |     2 |    18 ||    50
Armor: Skin              |     4 |     7 |    31 |    25 |    92 |   188 |   154 |    94 |   287 ||   882
Dodge: Dodged            |    46 |    51 |   155 |   255 |   466 |   609 |   397 |   530 |  1789 ||  4298
Block: Buckler           |       |       |    58 |   129 |    15 |       |       |       |       ||   202
       Other             |       |       |    20 |    38 |   131 |   168 |    99 |   127 |   280 ||   863
       Reflection        |       |       |       |    22 |     9 |    20 |    25 |    10 |    14 ||   100
